 Dungeon Crawl Stone Soup version 0.28-a0-657-g71136c5590 (webtiles) character file.

Game seed: 6807862784488750424

2359 bande the Chopper (level 9, -1/55 HPs)
             Began as a Gargoyle Fighter on Oct 13, 2021.
             Was a Follower of Okawaru.
             Incinerated by a red very ugly thing (4 damage)
             ... on level 1 of the Abyss.
             The game lasted 00:16:44 (7164 turns).

bande the Chopper (Gargoyle Fighter)                Turns: 7164, Time: 00:16:44

Health: -1/55      AC: 21    Str: 22      XL:     9   Next: 44%
Magic:  10/10      EV:  8    Int:  6 (8)  God:    Okawaru [*.....]
Gold:   227        SH:  7    Dex: 23      Spells: 8/8 levels left

rFire   . . .      SeeInvis .   a - +1 war axe
rCold   . . .      Faith    .   c - +1 buckler
rNeg    + . .      Spirit   .   m - +0 chain mail
rPois   ∞          Reflect  .   (no helmet)
rElec   +          Harm     .   (no cloak)
rCorr   .          Rampage  .   k - +2 pair of gloves
Will    .....                   (no boots)
Stlth   ..........              (no amulet)
HPRegen 0.18/turn               r - +6 ring of dexterity
MPRegen 0.12/turn               y - +6 ring of dexterity

@: on fire, about to teleport, glowing
A: sickness immunity, AC +6, negative energy resistance 1, electricity
resistance, torment resistance 1, petrification resistance, shaggy fur 1, wild
magic 1
a: Renounce Religion, Heroism


You were on level 1 of the Abyss.
You worshipped Okawaru.
Okawaru was aware of your devotion.
You visited 2 branches of the dungeon, and saw 8 of its levels.
You visited the Abyss 1 time.
You also visited: Sewer.

You collected 227 gold pieces.

Inventory:

Hand Weapons
 a - a +1 war axe (weapon)
 e - a +0 mace of draining
Armour
 c - a +1 buckler (worn)
 k - a +2 pair of gloves (worn)
 m - a +0 chain mail (worn)
Jewellery
 l - a ring of positive energy
 r - a +6 ring of dexterity (left hand)
 y - a +6 ring of dexterity (right hand)
Wands
 b - a wand of flame (37)
 g - a wand of paralysis (8)
 j - a wand of charming (15)
 u - a wand of digging (8)
 z - a wand of iceblast (11)
Scrolls
 d - 2 scrolls of amnesia
 o - a scroll of teleportation
 p - a scroll of enchant weapon
 q - 2 scrolls of blinking
 s - a scroll of brand weapon {unknown}
 v - a scroll of acquirement {unknown}
 x - a scroll of fear {unknown}
Potions
 f - a potion of invisibility
 n - 2 potions of brilliance
 t - 3 potions of might


   Skills:
 + Level 5.9 Fighting
 + Level 7.6 Axes
 + Level 6.4 Armour
 - Level 0.2 Dodging
 + Level 5.1 Shields
 * Level 1.8 Invocations
 * Level 4.1 Evocations


You had 8 spell levels left.
You didn't know any spells.
Your spell library contained the following spells:

 Spells                   Type           Power      Damage    Failure   Level
 Wereblood                Tmut           0%         N/A       100%        2
 Ozocubu's Armour         Ice            0%         N/A       100%        3
 Metabolic Englaciation   Hex/Ice        0%         N/A       100%        5
 Sublimation of Blood     Necr           Unusable   N/A       N/A         2
 Simulacrum               Ice/Necr       Unusable   N/A       N/A         6
 Summon Hydra             Summ           Unusable   N/A       N/A         7

Dungeon Overview and Level Annotations

Branches:
Dungeon (7/15)             Temple (1/1) D:5           Sewer (visited)

Altars:
Cheibriados
Dithmenos
Fedhas
Gozag
Okawaru
Qazlal
Ru
Trog
Uskayaw
Vehumet
Wu Jian
The Shining One

Shops:
D:1 ?   D:7 [?

Annotations:
D:7 Maggie


Innate Abilities, Weirdness & Mutations

You are immune to sickness and miasma.
Your stone body is resilient. (AC +6)
You are immune to poison.
You resist negative energy. (rN+)
You are resistant to electric shocks. (rElec)
You are resistant to unholy torment.
You are immune to petrification.
You are covered in fur. (AC +1)
Your spells are a little harder to cast, but a little more powerful.


Message History

You are no longer on fire.
The red very ugly thing headbutts you but does no damage.
Unknown command.
You hit the red very ugly thing but do no damage.
The red very ugly thing is lightly wounded.
The red very ugly thing headbutts you but does no damage.
You block the red very ugly thing's attack.
You hit the red very ugly thing.
The red very ugly thing is lightly wounded.
The red very ugly thing completely misses you.
You slash the red very ugly thing!
The red very ugly thing is moderately wounded.
The neqoxec gestures at you.
Something tries to feed on your intellect!
The red very ugly thing barely misses you.
You feel better. The neqoxec gestures at you.
Something tries to feed on your intellect!
The red very ugly thing completely misses you.
You completely miss the red very ugly thing.
The red very ugly thing is moderately wounded.
You block the red very ugly thing's attack.
You hit the red very ugly thing.
The red very ugly thing is moderately wounded.
You block the red very ugly thing's attack.
You hit the red very ugly thing.
The red very ugly thing is moderately wounded.
The red very ugly thing headbutts you!
* * * LOW HITPOINT WARNING * * *
You are covered in liquid flames.
You are covered in liquid flames!
You slash the red very ugly thing!
The red very ugly thing is heavily wounded.
You are covered in liquid flames!
* * * LOW HITPOINT WARNING * * *
The red very ugly thing headbutts you but does no damage.
You closely miss the red very ugly thing.
The red very ugly thing is heavily wounded.
You are covered in liquid flames!
You die...

...#.# .
..# # #..
..#... # .
. ..#.
.### # # .
.#.#. .##
# #
....#.## .
..# ..## .
.###.#..#
###3.#...
#@u#..####
######.#
##


You could see a red very ugly thing and a neqoxec.

Vanquished Creatures
  A smoke demon (Abyss:1)
  Grinder (D:6)
  An orc warrior (D:6)
  2 ice beasts (D:7)
  4 necrophages
  3 ogres
  A phantom (D:3)
  Blork the orc (D:4)
  A bullfrog (Sewer)
  2 howler monkeys
  2 hounds (D:4)
  A centaur skeleton (D:7)
  3 bullfrog skeletons
  3 jellies
  Ijyb (D:5)
  2 iguanas
  3 orc wizards
  4 gnolls
  8 adders
  2 howler monkey skeletons (D:6)
  A shadow imp (D:6)
  2 ufetubi
  An adder skeleton (D:4)
  2 worms (D:4)
  A dart slug (D:1)
  19 orcs
  4 bats
  5 endoplasms
  9 giant cockroaches
  5 goblins
  10 hobgoblins
  10 jackals
  2 kobolds
  7 quokkas
  7 ball pythons
  10 frilled lizards
  6 rats
147 creatures vanquished.

Notes
Turn   | Place    | Note
-------+----------+-------------------------------------------
     0 | D:1      | bande the Gargoyle Fighter began the quest for the Orb.
     0 | D:1      | Reached XP level 1. HP: 14/14 MP: 1/1
    19 | D:1      | Found Bomoel's Magic Scroll Emporium.
    37 | D:1      | Reached XP level 2. HP: 11/19 MP: 2/2
   387 | D:1      | Reached skill level 2 in Axes
   557 | D:1      | Reached XP level 3. HP: 22/24 MP: 3/3
   590 | D:1      | Found a faded altar of an unknown god.
  1712 | D:3      | Reached XP level 4. HP: 29/29 MP: 4/4
  2102 | D:3      | Noticed a phantom
  2114 | D:3      | Killed a phantom
  2115 | D:3      | Reached skill level 3 in Axes
  2115 | D:3      | Reached XP level 5. HP: 28/33 MP: 5/5
  2771 | D:4      | Found an opulent altar of Gozag.
  2862 | D:4      | Reached skill level 4 in Axes
  2862 | D:4      | Reached XP level 6. HP: 36/38 MP: 6/6
  2946 | D:4      | Noticed a necrophage
  2958 | D:4      | Killed a necrophage
  2959 | D:4      | Reached skill level 1 in Evocations
  2989 | D:4      | Noticed a necrophage
  2999 | D:4      | Noticed Blork the orc
  3006 | D:4      | Killed a necrophage
  3007 | D:4      | Reached XP level 7. HP: 25/44 MP: 7/7
  3012 | D:4      | Killed Blork the orc
  3013 | D:4      | Reached skill level 5 in Axes
  3274 | D:4      | Identified the +5 rapier of the Valley {vorpal, Fragile
                  | Str+6 Int+4}
  3320 | D:4      | Found a blossoming altar of Fedhas.
  3546 | D:5      | Entered Level 5 of the Dungeon
  3775 | D:4      | Reached skill level 5 in Armour
  3777 | D:4      | Reached XP level 8. HP: 5/48 MP: 8/8
  4203 | D:5      | Found a radiant altar of Vehumet.
  4261 | D:5      | Found a staircase to the Ecumenical Temple.
  4395 | Temple   | Entered the Ecumenical Temple
  4403 | Temple   | Became a worshipper of Warmaster Okawaru
  4458 | D:5      | Found a sacrificial altar of Ru.
  4476 | D:5      | Noticed Ijyb
  4488 | D:5      | Killed Ijyb
  4721 | D:5      | Gained mutation: You are covered in fur. (AC +1) [potion of
                  | mutation]
  4721 | D:5      | Gained mutation: Your spells are a little harder to cast,
                  | but a little more powerful. [potion of mutation]
  4868 | D:5      | Reached skill level 6 in Axes
  4878 | D:5      | Reached skill level 5 in Fighting
  5012 | D:5      | Found a bloodstained altar of Trog.
  5399 | D:6      | Noticed Grinder
  5416 | D:6      | Paralysed by Grinder for 5 turns
  5425 | D:6      | Paralysed by Grinder for 4 turns
  5442 | D:6      | Killed Grinder
  5818 | D:6      | Found a glowing drain.
  5828 | Sewer    | Entered a sewer
  6560 | D:6      | Reached skill level 5 in Shields
  6578 | D:6      | Reached * piety under Okawaru
  6579 | D:6      | Reached skill level 7 in Axes
  6579 | D:6      | Reached XP level 9. HP: 47/54 MP: 9/9
  6898 | D:7      | Reached skill level 1 in Invocations
  7014 | D:7      | Found Upoklol's Magic Scroll Shop.
  7021 | D:7      | Found Yxtumiup's Armour Shoppe.
  7036 | D:7      | Noticed Maggie
  7055 | D:7      | Cast into level 1 of the Abyss (Maggie)
  7064 | Abyss:1  | Noticed a smoke demon
  7082 | Abyss:1  | Killed a smoke demon
  7109 | Abyss:1  | Noticed a red very ugly thing
  7149 | Abyss:1  | Upgraded the game from 0.28-a0-655-g4eb62b627b to
                  | 0.28-a0-657-g71136c5590
  7164 | Abyss:1  | Incinerated by a red very ugly thing

Illustrated notes

Levels and vault maps discovered:
D:1:      pf_arrival_petrified_forest, layout_basic, serial_shops,
          nicolae_shop_temple_entry_statues_fountains,
          ebering_ecumenical_altar_sacrificial, chequers_jeans, minivault_25,
          minmay_surrounded
D:2:      layout_loops_ring, serial_forest, infiniplex_forest_straight_3,
          infiniplex_forest_3_way, infiniplex_forest_clump_small,
          infiniplex_forest_lined_3_way, infiniplex_forest_lined_room_3
D:3:      layout_loops_cross, hex_tiny, st_stairs_7, grunt_ministairs_3
D:4:      minmay_evil_eye, layout_rooms, fedhas_altar_3, marbit_many_paths,
          uniq_blork_the_orc
D:5:      layout_basic, mainiacjoe_overflow_24_doors, overflow_temple_1_default,
          general_overflow_altar, minmay_temple_entry_wispy,
          kennysheep_flooded_box, st_stairs_11, uniq_ijyb
D:6:      layout_rooms, gup_sewer_entry_bowl, uniq_grinder
D:7:      layout_gridville, lemuel_doored_altar, led_sif_book, serial_shops,
          shop, nicolae_inconvenience_store, shop, nicolae_shop_behind_doors,
          shop, uniq_maggie
Temple:   eino_temple_lava
Abyss:1:  base: D:1, base:
D:1

Skill      XL: |  1  2  3  4  5  6  7  8  9 |
---------------+----------------------------+-----
Axes           | 2 3 4 5 7 |  7.6
Armour         | 4 5 6 |  6.4
Fighting       | 4 5 |  5.9
Evocations     | 1 2 3 4 |  4.1
Shields        | 4 5 |  5.1
Invocations    | 1 |  1.8
Dodging        | |  0.2

Action                   |  1- 3 |  4- 6 |  7- 9 || total
-------------------------+-------+-------+-------++-------
Melee: War axe           |   116 |   170 |   299 ||   585
  Use: Scroll            |     6 |     1 |     8 ||    15
       Potion            |       |       |     9 ||     9
Armor: Scale mail        |    74 |    24 |       ||    98
       Chain mail        |       |    95 |   201 ||   296
Dodge: Dodged            |    67 |    73 |   128 ||   268
Block: Buckler           |    36 |    53 |   103 ||   192

Table legend: (Time is in decaauts)
 A = Elapsed time spent in this place.
 B = Non-inter-level travel time spent in this place.
 C = Inter-level travel time spent in this place.
 D = Time resting spent in this place.
 E = Time spent auto-exploring this place.
 F = Levels seen in this place.
 G = Mean time per level.
                   A        B        C        D        E       F      G
               +--------+--------+--------+--------+--------+-----+--------+
         Total |   7413 |   7381 |     32 |   1081 |   4534 |  10 |  741.3 |
       Dungeon |   6664 |   6632 |     32 |   1081 |   4149 |   7 |  952.0 |
        Temple |     16 |     16 |      0 |      0 |      0 |   1 |   16.0 |
         Abyss |    115 |    115 |      0 |      0 |      0 |   1 |  115.0 |
         Sewer |    616 |    616 |      0 |      0 |    384 |   1 |  616.0 |
               +--------+--------+--------+--------+--------+-----+--------+

Top non-repeatable levels by time:
     D:4: 1525 daAuts
     D:5: 1226 daAuts
     D:3: 1027 daAuts
     D:6: 1026 daAuts
     D:1: 1001 daAuts
     D:2: 692 daAuts
   Sewer: 616 daAuts
     D:7: 164 daAuts
 Abyss:1: 115 daAuts
  Temple: 16 daAuts
